AoeStats
← Bandolero

Arena

510094085Analyzed
4v4 RM · 1d ago on Sep 29, 2026· 35m 9s· 8 players
Game mode
Random Map
Map size
Large (8 player)
Population
200
Speed
Normal
Resources
Standard
Victory
Conquest
Starting age
Dark Age
Ending age
Imperial Age
RankedLock teamsTeams togetherTeam positionsShared explorationLock speedFull tech treeHidden civsTurbo modeCheats
Victory
Defeat
🇦🇷 Slavs · Argentina
1805
+13
🇨🇳 Turks · China
1778
+14
🇨🇳 Italians · China
1773
+15
🇨🇳 Danes · China
1654
+20
🇦🇷 Mongols · Argentina
1880
-21
🇺🇾 Burgundians · Uruguay
1807
-18
🇦🇷 Teutons · Argentina
1691
-13
🇦🇷 Italians · Argentina
1592
-10
DS_Alec
2:57 Double-Bit Axe
10:33 Feudal Age
10:41 Feudal Age
9:46 Horse Collar
15:00 Castle Age
13:38 Bow Saw
17:29 Loom
19:34 Fervor
21:47 Gold Mining
23:25 Wheelbarrow
26:25 Imperial Age
25:24 Gold Shaft Mining
25:50 Two-Man Saw
25:29 Scale Barding Armor
24:47 Cavalier
25:45 Heavy Plow
27:13 Chain Barding Armor
27:23 Forging
27:15 Husbandry
29:29 Chemistry
29:54 Plate Barding Armor
~BroKen~
5:34 Loom
8:00 Feudal Age
10:18 Fletching
10:18 Double-Bit Axe
20:16 Horse Collar
26:25 Castle Age
25:46 Gold Mining
25:46 Stone Mining
26:35 Wheelbarrow
25:48 Town Watch
27:09 Bodkin Arrow
27:30 Bow Saw
27:51 Guard Tower
28:27 Masonry
31:49 Fortified Wall
32:55 Hand Cart
Bandolero
11:07 Feudal Age
12:38 Loom
12:43 Double-Bit Axe
15:23 Castle Age
14:17 Horse Collar
16:51 Bow Saw
18:56 Fletching
19:57 Padded Archer Armor
21:01 Bodkin Arrow
22:43 Wheelbarrow
21:54 Town Watch
23:21 Heavy Plow
27:37 Imperial Age
26:06 Leather Archer Armor
25:43 Gold Mining
27:09 Ballistics
26:46 Stone Mining
28:56 Bracer
29:59 Chemistry
29:52 Conscription
29:32 Crossbowman
30:02 Onager
Lea
8:51 Feudal Age
9:19 Double-Bit Axe
9:21 Horse Collar
14:26 Scale Barding Armor
19:37 Castle Age
22:04 Wheelbarrow
21:42 Bow Saw
21:34 Heavy Plow
21:53 Light Cavalry
23:03 Forging
26:40 Hand Cart
27:31 Gold Mining
32:25 Imperial Age
31:34 Gold Shaft Mining
31:16 Stone Mining
32:13 Fletching
32:44 Ballistics
32:53 Padded Archer Armor
33:06 Bloodlines
32:57 Husbandry
33:27 Bodkin Arrow
34:55 Chemistry
34:36 Parthian Tactics
34:17 Thumb Ring
34:10 Loom
34:43 Bracer
35:09 Conscription
TS-精锐狐狐
10:14 Feudal Age
11:23 Double-Bit Axe
11:27 Horse Collar
14:09 Castle Age
16:01 Loom
16:41 Bow Saw
19:10 Fletching
21:04 Crossbowman
22:33 Bodkin Arrow
23:32 Wheelbarrow
28:13 Imperial Age
25:49 Padded Archer Armor
26:39 Hand Cart
27:40 Leather Archer Armor
28:31 Ballistics
29:03 Bracer
29:40 Ring Archer Armor
29:40 Thumb Ring
29:42 Heavy Plow
30:49 Chemistry
29:31 Treadmill Crane
30:03 Arbalester
31:56 Gold Mining
31:56 Stone Mining
34:29 Town Watch
qeozouwajqnl
10:28 Feudal Age
11:19 Double-Bit Axe
14:04 Castle Age
12:30 Horse Collar
15:18 Bow Saw
18:13 Town Watch
21:07 Wheelbarrow
20:40 Gold Mining
21:47 Stone Mining
22:33 Hand Cart
23:39 Heavy Plow
26:39 Imperial Age
24:30 Scale Mail Armor
24:52 Loom
24:52 Town Watch
25:36 Chain Mail Armor
25:32 Forging
25:47 Squires
26:45 Gold Shaft Mining
27:50 Plate Mail Armor
26:45 Capped Ram
28:27 Pikeman
29:51 Iron Casting
29:13 Siege Ram
29:21 Halberdier
29:28 Halberdier
32:01 Two-Man Saw
31:29 Druzhina
32:30 Blast Furnace
31:52 Conscription
34:24 Coinage
34:18 Siege Engineers
34:48 Masonry
34:59 Ballistics
35:39 Chemistry
34:54 Heavy Scorpion
BiliBili风间
9:41 Feudal Age
11:18 Loom
14:52 Castle Age
28:14 Double-Bit Axe
29:13 Horse Collar
31:21 Wheelbarrow
34:30 Stone Mining
35:41 Bow Saw
35:35 Heavy Plow
冥想控
10:11 Feudal Age
13:46 Castle Age
12:31 Double-Bit Axe
12:59 Horse Collar
19:51 Bow Saw
22:44 Wheelbarrow
23:53 Hand Cart
24:20 Heavy Plow
24:16 Loom
24:19 Town Watch
25:08 Gold Mining
28:45 Imperial Age
26:08 Fletching
27:09 Gold Shaft Mining
26:24 Stone Mining
27:07 Bodkin Arrow
28:07 Padded Archer Armor
29:41 Bracer
29:49 Thumb Ring
29:04 Heavy Cavalry Archer
30:10 Parthian Tactics
29:46 Husbandry
29:57 Bloodlines
30:30 Ballistics
29:34 Capped Ram
31:32 Leather Archer Armor
32:44 Ring Archer Armor
33:05 Bombard Tower
33:05 Scale Barding Armor
34:58 Chain Barding Armor
35:17 Treadmill Crane
Connection lost

Rejoining the realm…

Still unreachable

The connection could not be restored.

Session expired

The server has moved on; the page needs a fresh start.